[ AOE2 MATCH · #482655347 ]
UnrankedVietnamese vs Turks
[ REPLAY ANALYSIS · EXTRACTED FROM THE RECORDED GAME ]
Feudal
11:21
Castle
16:25
Imperial
33:43
| APM avg | 11.4 |
| APM peak | 29 |
| eAPM avg | 9.3 |
| Villagers / military | 210 / 222 |
Focus
⚔️ 23.5% · 🌾 76.5%
Skirmisher ×205 · Rattan Archer ×17
Feudal
11:26
Castle
15:56
Imperial
32:05
| APM avg | 57.7 |
| APM peak | 117 |
| eAPM avg | 25.5 |
| Villagers / military | 144 / 761 |
Focus
⚔️ 34.3% · 🌾 65.7%
Scout Cavalry ×597 · Camel Scout ×89 · Bombard Cannon ×39 · Hand Cannoneer ×35 · Trade Cart ×4 · Monk ×1
Feudal
16:06
Castle
27:07
Imperial
34:21
| APM avg | 26.8 |
| APM peak | 71 |
| eAPM avg | 20.6 |
| Villagers / military | 143 / 482 |
Focus
⚔️ 49.7% · 🌾 50.3%
Knight ×260 · Spearman ×211 · Trade Cart ×22 · Trebuchet (Packed) ×7 · Monk ×4
Feudal
11:39
Castle
16:10
Imperial
34:00
| APM avg | 13.9 |
| APM peak | 63 |
| eAPM avg | 9.3 |
| Villagers / military | 143 / 196 |
Focus
⚔️ 43.9% · 🌾 56.1%
Skirmisher ×91 · Archer ×73 · Scout Cavalry ×30 · Monk ×2
Feudal
10:22
Castle
17:08
Imperial
30:32
| APM avg | 27.0 |
| APM peak | 59 |
| eAPM avg | 17.4 |
| Villagers / military | 83 / 641 |
Focus
⚔️ 66.1% · 🌾 33.9%
Huskarl ×561 · Spearman ×65 · Petard ×9 · Trebuchet (Packed) ×4 · Monk ×2 · Trade Cart ×2
Feudal
—
Castle
—
Imperial
—
| APM avg | 15.8 |
| APM peak | 34 |
| eAPM avg | 9.9 |
| Villagers / military | 224 / 356 |
Focus
⚔️ 23.6% · 🌾 76.4%
Magyar Huszar ×209 · Cavalry Archer ×125 · Knight ×16 · Trebuchet (Packed) ×6 · Trade Cart ×1
Feudal
15:40
Castle
27:52
Imperial
46:48
| APM avg | 10.6 |
| APM peak | 31 |
| eAPM avg | 8.5 |
| Villagers / military | 107 / 183 |
Focus
⚔️ 44.8% · 🌾 55.2%
Spearman ×89 · Skirmisher ×32 · Rattan Archer ×26 · Battle Elephant ×15 · Archer ×7 · Fire Lancer ×6
Feudal
—
Castle
—
Imperial
—
| APM avg | 40.6 |
| APM peak | 139 |
| eAPM avg | 34.0 |
| Villagers / military | 184 / 418 |
Focus
⚔️ 77.5% · 🌾 22.5%
Camel Scout ×207 · Scout Cavalry ×110 · Skirmisher ×95 · Trebuchet (Packed) ×5 · Archer ×1
Match map
Initial resources + every placement click. Lines = walls · curves = elevation contours. ◆ gold · ⬟ stone · ● berries · ✦ relic · ◌ wall gap
Your base· ✓ Closed at 16:25 · 0t walls · 3 gate(s)
marcobecerrap's base· ✓ Closed at 15:56 · 0t walls · 3 gate(s)
T.S | Mo's base· ✓ Closed at 27:07 · 78t walls · 2 gate(s)
Aneil's base· ✓ Closed at 16:10 · 0t walls · 2 gate(s)
monneyce's base· ✓ Closed at 17:08 · 0t walls · 2 gate(s)
bedders9's base· ✓ Closed at 13:15 · 0t walls · 3 gate(s)
ChrisTT's base· ✓ Closed at 27:52 · 38t walls · 3 gate(s)
Roosy597's base· ✓ Closed at 14:18 · 0t walls · 2 gate(s)
Smoothed initial terrain · ◌ = detected wall gap · hover for details
Inputs per minute
— matthewu - - marcobecerrap
Build order — matthewu
First 150 of 335 actions detected
| 0:04 | Build | House |
| 0:05 | Build | House |
| 0:09 | Create | Villager (Male) |
| 0:09 | Create | Villager (Male) |
| 0:09 | Create | Villager (Male) |
| 0:09 | Create | Villager (Male) |
| 1:37 | Create | Villager (Male) |
| 2:02 | Build | Lumber Camp |
| 2:15 | Create | Villager (Male) |
| 2:45 | Create | Villager (Male) |
| 2:58 | Build | House |
| 3:00 | Build | House |
| 3:09 | Create | Villager (Male) |
| 3:09 | Create | Villager (Male) |
| 3:22 | Create | Villager (Male) |
| 3:48 | Create | Villager (Male) |
| 4:30 | Create | Villager (Male) |
| 5:03 | Create | Villager (Male) |
| 5:39 | Create | Villager (Male) |
| 5:40 | Create | Villager (Male) |
| 5:40 | Create | Villager (Male) |
| 5:40 | Create | Villager (Male) |
| 6:06 | Build | Mill |
| 6:13 | Create | Villager (Male) |
| 6:13 | Create | Villager (Male) |
| 6:13 | Create | Villager (Male) |
| 6:54 | Create | Villager (Male) |
| 6:54 | Create | Villager (Male) |
| 7:33 | Create | Villager (Male) |
| 9:11 | Research | Feudal Age |
| 9:26 | Build | Lumber Camp |
| 9:43 | Build | Mining Camp |
| 11:21 | Age | Feudal Age |
| 11:24 | Build | Market |
| 11:28 | Build | Blacksmith |
| 11:48 | Build | Farm |
| 11:49 | Build | Farm |
| 11:49 | Build | Farm |
| 13:27 | Build | House |
| 13:30 | Build | House |
| 13:31 | Build | House |
| 13:32 | Build | House |
| 13:36 | Build | House |
| 13:45 | Research | Castle Age |
| 14:17 | Research | Double-Bit Axe |
| 16:25 | Age | Castle Age |
| 16:29 | Build | Town Center |
| 16:41 | Build | Town Center |
| 16:52 | Create | Villager (Male) ×5 |
| 17:32 | Build | Farm |
| 17:32 | Build | Farm |
| 17:32 | Build | Farm |
| 17:33 | Build | Farm |
| 17:55 | Create | Villager (Male) |
| 17:55 | Create | Villager (Male) |
| 18:06 | Build | Farm |
| 18:06 | Build | Farm |
| 18:06 | Build | Farm |
| 18:07 | Build | Farm |
| 18:07 | Build | Farm |
| 18:24 | Build | Farm |
| 18:40 | Build | Farm |
| 18:58 | Create | Villager (Male) ×2 |
| 18:58 | Create | Villager (Male) ×2 |
| 19:13 | Build | Farm |
| 19:19 | Research | Horse Collar |
| 19:41 | Build | Farm |
| 19:41 | Build | Farm |
| 19:41 | Build | Farm |
| 19:42 | Build | Farm |
| 19:48 | Create | Villager (Male) ×3 |
| 20:29 | Create | Villager (Male) ×3 |
| 20:46 | Create | Villager (Male) ×3 |
| 20:52 | Build | Farm |
| 21:11 | Research | Bow Saw |
| 21:34 | Research | Heavy Plow |
| 21:45 | Create | Villager (Male) ×2 |
| 22:03 | Create | Villager (Male) |
| 22:04 | Create | Villager (Male) |
| 22:20 | Build | Lumber Camp |
| 22:30 | Build | Farm |
| 22:30 | Build | Farm |
| 22:31 | Build | Farm |
| 22:31 | Build | Farm |
| 22:31 | Build | Farm |
| 22:32 | Build | Farm |
| 22:49 | Create | Villager (Male) ×5 |
| 22:49 | Create | Villager (Male) ×2 |
| 23:17 | Build | Mining Camp |
| 23:24 | Research | Gold Mining |
| 23:34 | Create | Villager (Male) ×4 |
| 23:34 | Create | Villager (Male) ×4 |
| 23:47 | Research | Stone Mining |
| 24:04 | Build | Farm |
| 24:04 | Build | Farm |
| 24:05 | Build | Farm |
| 24:06 | Build | Farm |
| 24:13 | Create | Villager (Male) ×5 |
| 24:48 | Build | Mill |
| 24:55 | Build | Farm |
| 24:55 | Build | Farm |
| 24:56 | Build | Farm |
| 24:56 | Build | Farm |
| 24:57 | Build | Farm |
| 25:13 | Build | Stone Wall |
| 25:54 | Research | Stone Shaft Mining |
| 25:57 | Create | Villager (Male) ×5 |
| 26:16 | Build | House |
| 26:17 | Build | House |
| 26:18 | Build | House |
| 26:19 | Build | House |
| 26:20 | Build | House |
| 26:21 | Build | House |
| 26:22 | Build | House |
| 26:27 | Build | House |
| 26:28 | Build | House |
| 26:29 | Build | House |
| 26:30 | Build | House |
| 26:51 | Create | Villager (Male) ×5 |
| 26:51 | Create | Villager (Male) ×5 |
| 26:53 | Create | Villager (Male) ×5 |
| 26:54 | Create | Villager (Male) |
| 27:17 | Build | Stone Wall |
| 27:36 | Research | Wheelbarrow |
| 27:37 | Create | Villager (Male) ×5 |
| 27:38 | Create | Villager (Male) ×5 |
| 27:50 | Build | Farm |
| 27:51 | Build | Farm |
| 27:52 | Build | Farm |
| 27:52 | Build | Farm |
| 27:53 | Build | Farm |
| 28:28 | Build | House |
| 28:29 | Build | House |
| 28:30 | Build | House |
| 28:32 | Build | House |
| 29:11 | Build | Castle |
| 30:08 | Research | Padded Archer Armor |
| 30:08 | Research | Fletching |
| 30:29 | Research | Imperial Age |
| 31:06 | Create | Rattan Archer ×3 |
| 31:06 | Create | Rattan Archer ×3 |
| 31:48 | Create | Rattan Archer |
| 31:48 | Create | Rattan Archer |
| 32:03 | Research | Leather Archer Armor |
| 32:04 | Research | Bodkin Arrow |
| 32:29 | Build | Castle |
| 33:13 | Research | Hand Cart |
| 33:43 | Age | Imperial Age |
| 34:11 | Create | Villager (Male) ×5 |
| 34:11 | Create | Villager (Male) ×5 |
Build order — marcobecerrap
First 150 of 532 actions detected
| 0:00 | Create | Villager (Male) |
| 0:01 | Create | Villager (Male) |
| 0:01 | Create | Villager (Male) |
| 0:01 | Create | Villager (Male) |
| 0:01 | Create | Villager (Male) |
| 0:03 | Build | House |
| 0:07 | Build | House |
| 1:24 | Create | Villager (Male) |
| 1:24 | Create | Villager (Male) |
| 1:59 | Build | Lumber Camp |
| 2:16 | Create | Villager (Male) |
| 2:16 | Create | Villager (Male) |
| 2:20 | Create | Villager (Male) |
| 2:20 | Create | Villager (Male) |
| 2:52 | Create | Villager (Male) |
| 2:52 | Create | Villager (Male) |
| 3:11 | Build | House |
| 3:12 | Build | House |
| 3:13 | Build | House |
| 3:50 | Create | Villager (Male) |
| 3:51 | Create | Villager (Male) |
| 3:51 | Create | Villager (Male) |
| 4:08 | Create | Villager (Male) |
| 4:09 | Create | Villager (Male) |
| 4:40 | Create | Villager (Male) |
| 4:40 | Create | Villager (Male) |
| 5:06 | Create | Villager (Male) |
| 5:06 | Create | Villager (Male) |
| 5:31 | Create | Villager (Male) |
| 5:31 | Create | Villager (Male) |
| 6:13 | Create | Villager (Male) |
| 6:13 | Create | Villager (Male) |
| 6:13 | Create | Villager (Male) |
| 6:14 | Create | Villager (Male) |
| 6:15 | Create | Villager (Male) |
| 6:29 | Create | Villager (Male) |
| 6:56 | Create | Villager (Male) |
| 6:57 | Create | Villager (Male) |
| 6:57 | Create | Villager (Male) |
| 6:57 | Create | Villager (Male) |
| 7:08 | Build | Mill |
| 8:37 | Build | Mining Camp |
| 9:01 | Research | Feudal Age |
| 9:01 | Create | Villager (Male) |
| 9:02 | Create | Villager (Male) |
| 9:22 | Build | Mill |
| 11:20 | Create | Villager (Male) |
| 11:20 | Create | Villager (Male) |
| 11:26 | Age | Feudal Age |
| 11:28 | Build | Market |
| 11:30 | Build | Blacksmith |
| 11:45 | Research | Double-Bit Axe |
| 12:34 | Research | Loom |
| 13:00 | Build | Farm |
| 13:00 | Build | Farm |
| 13:01 | Build | Farm |
| 13:16 | Research | Castle Age |
| 13:17 | Research | Castle Age |
| 13:55 | Build | House |
| 13:56 | Build | House |
| 13:57 | Build | House |
| 14:53 | Create | Villager (Male) |
| 14:53 | Create | Villager (Male) |
| 15:01 | Build | House |
| 15:13 | Build | Mining Camp |
| 15:24 | Build | House |
| 15:32 | Build | House |
| 15:34 | Build | House |
| 15:56 | Age | Castle Age |
| 16:00 | Create | Villager (Male) ×5 |
| 16:35 | Create | Villager (Male) ×4 |
| 17:02 | Build | Farm |
| 17:02 | Build | Farm |
| 17:06 | Create | Villager (Male) |
| 17:06 | Create | Villager (Male) |
| 17:25 | Create | Villager (Male) |
| 17:31 | Build | Town Center |
| 17:43 | Build | Town Center |
| 17:55 | Create | Villager (Male) |
| 18:38 | Build | Mining Camp |
| 18:42 | Create | Villager (Male) ×5 |
| 19:28 | Create | Villager (Male) |
| 19:28 | Create | Villager (Male) |
| 19:33 | Create | Villager (Male) |
| 19:33 | Create | Villager (Male) |
| 20:06 | Create | Villager (Male) ×2 |
| 20:23 | Build | Castle |
| 20:27 | Create | Villager (Male) |
| 20:49 | Create | Villager (Male) |
| 20:53 | Build | Farm |
| 20:54 | Build | Farm |
| 20:54 | Build | Farm |
| 20:54 | Build | Farm |
| 21:02 | Build | Farm |
| 21:02 | Build | Farm |
| 21:02 | Build | Farm |
| 21:02 | Build | Farm |
| 21:02 | Build | Farm |
| 21:03 | Build | Farm |
| 21:03 | Build | Farm |
| 21:27 | Build | Farm |
| 21:27 | Build | Farm |
| 21:27 | Build | Farm |
| 21:28 | Build | Farm |
| 21:28 | Build | Farm |
| 21:28 | Build | Farm |
| 21:28 | Build | Farm |
| 21:40 | Create | Villager (Male) |
| 21:40 | Create | Villager (Male) |
| 21:43 | Build | Farm |
| 21:46 | Build | Farm |
| 22:09 | Create | Villager (Male) |
| 22:15 | Build | Farm |
| 22:18 | Build | House |
| 22:20 | Build | House |
| 22:25 | Create | Villager (Male) ×3 |
| 22:41 | Build | Barracks |
| 22:44 | Create | Villager (Male) ×2 |
| 23:01 | Build | Farm |
| 23:01 | Build | Farm |
| 23:19 | Create | Villager (Male) |
| 23:25 | Build | University |
| 23:37 | Create | Villager (Male) ×5 |
| 23:47 | Build | Siege Workshop |
| 23:51 | Create | Villager (Male) ×2 |
| 24:03 | Build | House |
| 24:03 | Build | House |
| 24:07 | Create | Villager (Male) ×2 |
| 24:15 | Build | Farm |
| 24:16 | Build | Farm |
| 24:16 | Build | Farm |
| 24:16 | Build | Farm |
| 24:18 | Build | Farm |
| 24:39 | Build | Lumber Camp |
| 24:45 | Create | Villager (Male) ×5 |
| 24:59 | Create | Villager (Male) ×2 |
| 25:06 | Build | House |
| 25:07 | Build | House |
| 25:11 | Create | Villager (Male) ×2 |
| 25:22 | Build | Mill |
| 25:23 | Build | Farm |
| 25:23 | Build | Farm |
| 25:23 | Build | Farm |
| 25:23 | Build | Farm |
| 25:24 | Build | Farm |
| 25:24 | Build | Farm |
| 25:24 | Build | Farm |
| 25:24 | Build | Farm |
| 25:24 | Build | Farm |
| 25:25 | Build | Farm |
Build order — T.S | Mo
First 150 of 863 actions detected
| 0:01 | Create | Villager (Male) |
| 0:01 | Create | Villager (Male) |
| 0:01 | Create | Villager (Male) |
| 0:02 | Create | Villager (Male) |
| 0:02 | Build | House |
| 0:24 | Create | Villager (Male) |
| 0:25 | Create | Villager (Male) |
| 0:57 | Build | Mill |
| 2:25 | Build | House |
| 2:27 | Build | House |
| 2:37 | Research | Loom |
| 2:38 | Create | Villager (Male) |
| 2:38 | Create | Villager (Male) |
| 2:57 | Create | Villager (Male) |
| 2:57 | Create | Villager (Male) |
| 3:05 | Build | House |
| 3:07 | Build | House |
| 3:08 | Build | House |
| 3:33 | Create | Villager (Male) |
| 3:33 | Create | Villager (Male) |
| 4:12 | Create | Villager (Male) |
| 4:12 | Create | Villager (Male) |
| 4:24 | Create | Villager (Male) |
| 4:24 | Create | Villager (Male) |
| 4:36 | Build | House |
| 4:37 | Build | House |
| 4:42 | Create | Villager (Male) |
| 4:42 | Create | Villager (Male) |
| 5:36 | Create | Villager (Male) |
| 5:36 | Create | Villager (Male) |
| 5:37 | Create | Villager (Male) |
| 5:59 | Create | Villager (Male) |
| 6:00 | Create | Villager (Male) |
| 6:16 | Create | Villager (Male) |
| 6:16 | Create | Villager (Male) |
| 6:16 | Create | Villager (Male) |
| 6:46 | Create | Villager (Male) |
| 6:47 | Create | Villager (Male) |
| 7:00 | Build | Mill |
| 7:10 | Create | Villager (Male) |
| 7:10 | Create | Villager (Male) |
| 7:10 | Create | Villager (Male) |
| 7:35 | Create | Villager (Male) |
| 7:36 | Create | Villager (Male) |
| 7:48 | Create | Villager (Male) |
| 7:48 | Create | Villager (Male) |
| 8:25 | Create | Villager (Male) |
| 8:25 | Create | Villager (Male) |
| 8:25 | Create | Villager (Male) |
| 8:26 | Create | Villager (Male) |
| 8:41 | Create | Villager (Male) |
| 8:41 | Create | Villager (Male) |
| 8:41 | Create | Villager (Male) |
| 9:10 | Create | Villager (Male) |
| 9:10 | Create | Villager (Male) |
| 9:10 | Create | Villager (Male) |
| 9:25 | Create | Villager (Male) |
| 9:53 | Build | Mining Camp |
| 10:16 | Build | Lumber Camp |
| 10:27 | Create | Villager (Male) |
| 10:27 | Create | Villager (Male) |
| 10:27 | Create | Villager (Male) |
| 10:28 | Create | Villager (Male) |
| 11:28 | Build | Mill |
| 13:19 | Build | Mining Camp |
| 13:25 | Create | Villager (Male) |
| 13:25 | Create | Villager (Male) |
| 13:47 | Research | Feudal Age |
| 14:10 | Build | House |
| 14:11 | Build | House |
| 14:12 | Build | House |
| 14:13 | Build | House |
| 14:13 | Build | House |
| 14:14 | Build | House |
| 15:25 | Create | Villager (Male) |
| 15:25 | Create | Villager (Male) |
| 15:25 | Create | Villager (Male) |
| 15:26 | Create | Villager (Male) |
| 15:44 | Build | House |
| 15:45 | Build | House |
| 15:46 | Build | House |
| 15:48 | Build | House |
| 16:06 | Age | Feudal Age |
| 16:11 | Build | Lumber Camp |
| 16:15 | Research | Horse Collar |
| 16:16 | Research | Double-Bit Axe |
| 16:19 | Research | Stone Mining |
| 16:19 | Research | Gold Mining |
| 16:42 | Build | Gate |
| 16:44 | Build | Stone Wall |
| 17:01 | Build | Farm |
| 17:01 | Build | Farm |
| 17:02 | Build | Farm |
| 17:04 | Build | Farm |
| 17:04 | Build | Farm |
| 17:05 | Build | Farm |
| 17:06 | Build | Farm |
| 17:07 | Build | Farm |
| 17:08 | Build | Farm |
| 17:09 | Build | Farm |
| 17:10 | Build | Farm |
| 17:11 | Build | Farm |
| 17:11 | Build | Farm |
| 17:28 | Create | Villager (Male) |
| 17:28 | Create | Villager (Male) |
| 17:29 | Create | Villager (Male) |
| 17:29 | Create | Villager (Male) |
| 17:29 | Create | Villager (Male) |
| 17:30 | Create | Villager (Male) |
| 17:30 | Create | Villager (Male) |
| 17:30 | Create | Villager (Male) |
| 17:59 | Create | Villager (Male) |
| 18:00 | Create | Villager (Male) |
| 18:00 | Create | Villager (Male) |
| 18:00 | Create | Villager (Male) |
| 18:00 | Create | Villager (Male) |
| 18:08 | Build | Farm |
| 18:09 | Build | Farm |
| 18:10 | Build | Farm |
| 18:16 | Create | Villager (Male) |
| 18:16 | Create | Villager (Male) |
| 18:22 | Build | Market |
| 18:30 | Build | Market |
| 18:41 | Build | Market |
| 18:48 | Create | Villager (Male) |
| 18:48 | Create | Villager (Male) |
| 18:57 | Build | Farm |
| 18:58 | Build | Farm |
| 18:59 | Build | Farm |
| 19:00 | Build | Farm |
| 19:21 | Build | Blacksmith |
| 19:43 | Build | House |
| 19:44 | Build | House |
| 19:45 | Build | House |
| 19:46 | Build | House |
| 19:47 | Build | House |
| 19:53 | Build | Farm |
| 19:54 | Build | Farm |
| 20:19 | Build | Farm |
| 20:30 | Create | Villager (Male) |
| 21:31 | Create | Villager (Male) |
| 22:02 | Build | Stone Wall |
| 22:06 | Build | Stone Wall |
| 22:08 | Build | Stone Wall |
| 22:11 | Build | Stone Wall |
| 22:14 | Build | Stone Wall |
| 22:15 | Build | Stone Wall |
| 22:31 | Build | Farm |
| 22:31 | Build | Farm |
| 22:33 | Build | Farm |
Build order — Aneil
First 150 of 503 actions detected
| 0:01 | Create | Villager (Male) |
| 0:01 | Create | Villager (Male) |
| 0:03 | Build | House |
| 0:05 | Build | House |
| 1:09 | Create | Villager (Male) |
| 1:09 | Create | Villager (Male) |
| 1:10 | Create | Villager (Male) |
| 1:26 | Create | Villager (Male) |
| 1:26 | Create | Villager (Male) |
| 1:58 | Create | Villager (Male) |
| 2:24 | Create | Villager (Male) |
| 2:39 | Create | Villager (Male) |
| 2:47 | Build | Lumber Camp |
| 2:56 | Create | Villager (Male) |
| 3:15 | Build | House |
| 3:28 | Create | Villager (Male) |
| 4:14 | Create | Villager (Male) |
| 4:15 | Create | Villager (Male) |
| 5:09 | Create | Villager (Male) |
| 5:24 | Build | House |
| 5:41 | Create | Villager (Male) |
| 5:41 | Create | Villager (Male) |
| 5:42 | Create | Villager (Male) |
| 5:42 | Create | Villager (Male) |
| 6:20 | Create | Villager (Male) |
| 6:27 | Build | Mining Camp |
| 6:47 | Create | Villager (Male) |
| 6:48 | Create | Villager (Male) |
| 7:09 | Build | Mill |
| 7:57 | Build | Farm |
| 7:58 | Build | Farm |
| 8:10 | Build | Farm |
| 8:11 | Build | Farm |
| 8:28 | Create | Villager (Male) |
| 8:36 | Research | Loom |
| 8:43 | Research | Feudal Age |
| 9:54 | Create | Villager (Male) |
| 9:55 | Create | Villager (Male) |
| 9:56 | Create | Villager (Male) |
| 10:08 | Build | House |
| 10:25 | Build | Farm |
| 11:39 | Age | Feudal Age |
| 11:43 | Build | Blacksmith |
| 11:56 | Build | Market |
| 12:08 | Build | Farm |
| 12:13 | Build | Farm |
| 12:36 | Create | Villager (Male) |
| 13:02 | Create | Villager (Male) |
| 13:17 | Build | Farm |
| 13:18 | Build | Farm |
| 13:24 | Build | Farm |
| 13:30 | Research | Castle Age |
| 15:15 | Create | Villager (Male) |
| 15:15 | Create | Villager (Male) |
| 15:16 | Create | Villager (Male) |
| 15:25 | Build | House |
| 16:10 | Age | Castle Age |
| 16:21 | Build | Town Center |
| 17:26 | Build | Town Center |
| 17:27 | Create | Villager (Male) |
| 17:28 | Create | Villager (Male) |
| 17:28 | Create | Villager (Male) |
| 17:42 | Create | Villager (Male) |
| 17:42 | Create | Villager (Male) |
| 17:42 | Create | Villager (Male) |
| 17:43 | Create | Villager (Male) |
| 17:43 | Create | Villager (Male) |
| 17:46 | Create | Villager (Male) |
| 17:46 | Create | Villager (Male) |
| 17:51 | Build | Farm |
| 17:51 | Build | Farm |
| 17:52 | Build | Farm |
| 17:53 | Build | Farm |
| 18:19 | Build | Farm |
| 18:20 | Build | Farm |
| 18:26 | Build | Farm |
| 18:44 | Create | Villager (Male) |
| 18:44 | Create | Villager (Male) |
| 18:45 | Create | Villager (Male) |
| 18:45 | Create | Villager (Male) |
| 18:45 | Create | Villager (Male) |
| 18:57 | Build | Farm |
| 18:58 | Build | Farm |
| 18:58 | Build | Farm |
| 18:58 | Build | Farm |
| 18:59 | Build | Farm |
| 19:16 | Build | House |
| 19:18 | Build | House |
| 19:19 | Build | House |
| 19:21 | Build | House |
| 19:23 | Build | House |
| 19:34 | Build | House |
| 19:36 | Build | House |
| 19:48 | Build | Farm |
| 19:52 | Create | Villager (Male) |
| 19:52 | Create | Villager (Male) |
| 19:53 | Create | Villager (Male) |
| 19:53 | Create | Villager (Male) |
| 19:53 | Create | Villager (Male) |
| 19:54 | Create | Villager (Male) |
| 20:34 | Create | Villager (Male) |
| 20:34 | Create | Villager (Male) |
| 21:05 | Build | Barracks |
| 21:19 | Research | Padded Archer Armor |
| 21:19 | Research | Fletching |
| 21:52 | Create | Villager (Male) |
| 21:53 | Create | Villager (Male) |
| 21:54 | Create | Villager (Male) |
| 21:55 | Create | Villager (Male) |
| 21:55 | Create | Villager (Male) |
| 21:55 | Create | Villager (Male) |
| 21:58 | Create | Villager (Male) |
| 21:58 | Create | Villager (Male) |
| 21:58 | Create | Villager (Male) |
| 21:58 | Create | Villager (Male) |
| 22:00 | Create | Villager (Male) |
| 22:08 | Create | Villager (Male) |
| 22:08 | Create | Villager (Male) |
| 22:31 | Build | Stable |
| 22:45 | Build | Archery Range |
| 22:52 | Build | Archery Range |
| 23:00 | Build | Mining Camp |
| 23:13 | Create | Villager (Male) |
| 23:14 | Create | Villager (Male) |
| 23:14 | Create | Villager (Male) |
| 23:22 | Create | Villager (Male) |
| 23:22 | Create | Villager (Male) |
| 23:23 | Create | Villager (Male) |
| 23:30 | Research | Double-Bit Axe |
| 23:33 | Research | Horse Collar |
| 23:51 | Build | Monastery |
| 24:12 | Build | House |
| 24:13 | Build | House |
| 24:15 | Build | House |
| 24:16 | Build | House |
| 24:17 | Build | House |
| 24:19 | Build | House |
| 24:21 | Build | House |
| 24:22 | Build | House |
| 24:24 | Build | House |
| 24:26 | Build | House |
| 24:28 | Build | House |
| 24:29 | Build | House |
| 24:30 | Build | House |
| 24:39 | Create | Monk |
| 24:39 | Create | Monk |
| 24:52 | Build | Mining Camp |
| 24:57 | Create | Villager (Male) |
| 24:57 | Create | Villager (Male) |
| 24:57 | Create | Villager (Male) |
Build order — monneyce
First 150 of 870 actions detected
| 0:01 | Create | Villager (Male) |
| 0:01 | Create | Villager (Male) |
| 0:02 | Create | Villager (Male) |
| 0:04 | Build | House |
| 0:05 | Build | House |
| 0:07 | Build | House |
| 1:22 | Create | Villager (Male) |
| 1:42 | Create | Villager (Male) |
| 1:49 | Build | Lumber Camp |
| 2:17 | Create | Villager (Male) |
| 2:17 | Create | Villager (Male) |
| 2:39 | Research | Loom |
| 2:39 | Create | Villager (Male) |
| 3:36 | Create | Villager (Male) |
| 3:36 | Create | Villager (Male) |
| 3:48 | Create | Villager (Male) |
| 4:05 | Create | Villager (Male) |
| 5:01 | Create | Villager (Male) |
| 5:02 | Create | Villager (Male) |
| 5:22 | Build | Mill |
| 5:50 | Create | Villager (Male) |
| 5:51 | Create | Villager (Male) |
| 5:51 | Create | Villager (Male) |
| 5:51 | Create | Villager (Male) |
| 6:04 | Build | House |
| 7:47 | Create | Villager (Male) |
| 7:53 | Research | Feudal Age |
| 8:14 | Build | Farm |
| 8:17 | Create | Villager (Male) |
| 8:25 | Build | House |
| 9:27 | Build | Farm |
| 9:45 | Build | Farm |
| 10:12 | Build | Farm |
| 10:22 | Age | Feudal Age |
| 10:25 | Create | Villager (Male) |
| 10:48 | Build | Mining Camp |
| 10:52 | Create | Villager (Male) |
| 10:53 | Create | Villager (Male) |
| 11:00 | Build | Farm |
| 11:17 | Research | Double-Bit Axe |
| 12:07 | Build | Market |
| 12:21 | Create | Villager (Male) |
| 12:21 | Create | Villager (Male) |
| 12:25 | Build | Farm |
| 12:57 | Build | Blacksmith |
| 13:05 | Build | House |
| 13:08 | Create | Villager (Male) |
| 13:26 | Build | Farm |
| 13:35 | Build | Farm |
| 13:38 | Create | Villager (Male) |
| 14:02 | Create | Villager (Male) |
| 14:08 | Build | Farm |
| 14:26 | Research | Castle Age |
| 14:33 | Build | Farm |
| 14:39 | Build | Farm |
| 15:17 | Create | Villager (Male) |
| 15:54 | Build | Barracks |
| 16:05 | Build | House |
| 16:42 | Create | Villager (Male) |
| 17:08 | Age | Castle Age |
| 17:11 | Build | Town Center |
| 17:32 | Build | Monastery |
| 17:36 | Create | Villager (Male) |
| 17:37 | Create | Villager (Male) |
| 17:51 | Create | Spearman |
| 17:51 | Create | Spearman |
| 17:59 | Build | House |
| 18:23 | Build | Farm |
| 18:26 | Create | Monk |
| 18:38 | Build | House |
| 18:41 | Create | Villager (Male) |
| 18:41 | Create | Villager (Male) |
| 18:41 | Create | Villager (Male) |
| 18:49 | Research | Wheelbarrow |
| 18:51 | Create | Villager (Male) |
| 18:51 | Create | Villager (Male) |
| 19:08 | Research | Fervor |
| 19:30 | Build | House |
| 19:32 | Build | House |
| 19:42 | Create | Villager (Male) |
| 19:42 | Create | Villager (Male) |
| 20:23 | Create | Monk |
| 20:41 | Create | Villager (Male) |
| 20:41 | Create | Villager (Male) |
| 20:44 | Research | Hand Cart |
| 20:55 | Research | Stone Mining |
| 20:55 | Research | Stone Mining |
| 21:47 | Research | Squires |
| 21:55 | Create | Villager (Male) |
| 21:56 | Create | Villager (Male) |
| 21:56 | Create | Villager (Male) |
| 22:03 | Create | Villager (Male) |
| 22:03 | Create | Villager (Male) |
| 22:03 | Create | Villager (Male) |
| 22:03 | Create | Villager (Male) |
| 22:06 | Create | Villager (Male) |
| 22:22 | Build | Farm |
| 22:23 | Build | Farm |
| 22:27 | Research | Horse Collar |
| 22:27 | Research | Horse Collar |
| 22:52 | Build | Farm |
| 22:59 | Create | Villager (Male) |
| 23:00 | Create | Villager (Male) |
| 23:05 | Build | Farm |
| 23:06 | Build | Farm |
| 24:00 | Build | Castle |
| 24:04 | Build | House |
| 24:11 | Build | Farm |
| 24:16 | Create | Villager (Male) |
| 24:16 | Create | Villager (Male) |
| 24:17 | Create | Villager (Male) |
| 24:22 | Build | Farm |
| 24:24 | Build | Farm |
| 24:29 | Build | Farm |
| 24:30 | Build | Farm |
| 24:33 | Build | Farm |
| 24:35 | Build | Farm |
| 24:41 | Build | Farm |
| 24:42 | Build | Farm |
| 24:44 | Build | Farm |
| 25:00 | Build | Mining Camp |
| 25:05 | Create | Petard |
| 25:05 | Create | Petard |
| 25:06 | Create | Petard |
| 25:17 | Research | Anarchy |
| 25:30 | Research | Scale Mail Armor |
| 25:30 | Research | Forging |
| 25:40 | Build | Farm |
| 25:43 | Build | Farm |
| 25:45 | Build | Farm |
| 25:51 | Create | Villager (Male) |
| 25:51 | Create | Villager (Male) |
| 25:52 | Create | Villager (Male) |
| 25:58 | Build | Mill |
| 26:02 | Build | Farm |
| 26:03 | Build | Farm |
| 26:04 | Build | Farm |
| 26:18 | Build | Barracks |
| 26:20 | Build | Barracks |
| 27:17 | Build | Farm |
| 27:18 | Build | Farm |
| 27:22 | Research | Imperial Age |
| 27:33 | Build | Farm |
| 27:50 | Create | Huskarl |
| 27:50 | Create | Huskarl |
| 27:50 | Create | Huskarl |
| 27:50 | Create | Huskarl |
| 27:51 | Create | Huskarl |
| 27:51 | Create | Huskarl |
| 27:51 | Create | Huskarl |
Build order — bedders9
First 150 of 451 actions detected
| 0:03 | Create | Villager (Male) |
| 0:04 | Create | Villager (Male) |
| 0:04 | Create | Villager (Male) |
| 0:04 | Create | Villager (Male) |
| 0:06 | Build | House |
| 0:09 | Build | House |
| 1:34 | Create | Villager (Male) |
| 1:51 | Build | Lumber Camp |
| 2:07 | Create | Villager (Male) |
| 2:25 | Create | Villager (Male) |
| 2:57 | Create | Villager (Male) |
| 3:13 | Create | Villager (Male) |
| 3:50 | Create | Villager (Male) |
| 4:11 | Build | House |
| 4:29 | Create | Villager (Male) |
| 4:48 | Create | Villager (Male) |
| 5:15 | Create | Villager (Male) |
| 5:15 | Create | Villager (Male) |
| 5:28 | Create | Villager (Male) |
| 5:29 | Create | Villager (Male) |
| 5:29 | Create | Villager (Male) |
| 6:02 | Build | House |
| 6:34 | Build | Mill |
| 6:39 | Create | Villager (Male) |
| 7:07 | Create | Villager (Male) |
| 7:07 | Create | Villager (Male) |
| 7:07 | Create | Villager (Male) |
| 8:46 | Research | Feudal Age |
| 9:00 | Build | Mill |
| 9:20 | Build | Mining Camp |
| 9:40 | Create | Villager (Male) |
| 9:41 | Create | Villager (Male) |
| 10:27 | Build | House |
| 10:49 | Build | Farm |
| 10:49 | Build | Farm |
| 11:18 | Build | Blacksmith |
| 11:21 | Build | Market |
| 11:56 | Build | Farm |
| 12:06 | Create | Villager (Male) |
| 12:39 | Build | Farm |
| 12:44 | Create | Villager (Male) |
| 12:54 | Build | Farm |
| 13:15 | Research | Castle Age |
| 13:29 | Build | Lumber Camp |
| 13:55 | Research | Double-Bit Axe |
| 14:50 | Build | Barracks |
| 15:17 | Create | Villager (Male) |
| 15:17 | Create | Villager (Male) |
| 15:42 | Build | Stable |
| 15:49 | Build | Stable |
| 16:04 | Research | Bow Saw |
| 16:14 | Research | Horse Collar |
| 16:27 | Build | House |
| 16:33 | Build | House |
| 16:53 | Create | Villager (Male) |
| 17:02 | Build | Farm |
| 17:03 | Build | Farm |
| 17:03 | Build | Farm |
| 17:03 | Build | Farm |
| 17:04 | Build | Farm |
| 17:04 | Build | Farm |
| 17:04 | Build | Farm |
| 17:04 | Build | Farm |
| 17:24 | Create | Villager (Male) |
| 17:40 | Build | Farm |
| 17:40 | Build | Farm |
| 17:41 | Build | Farm |
| 17:50 | Create | Villager (Male) |
| 17:56 | Build | House |
| 17:59 | Build | House |
| 18:00 | Build | House |
| 18:02 | Build | House |
| 18:19 | Create | Knight |
| 18:26 | Build | Farm |
| 18:30 | Create | Villager (Male) |
| 18:38 | Create | Knight |
| 18:54 | Build | Farm |
| 19:02 | Create | Villager (Male) |
| 19:07 | Create | Knight |
| 19:31 | Build | Town Center |
| 19:34 | Create | Villager (Male) |
| 19:38 | Create | Knight |
| 19:55 | Create | Villager (Male) |
| 20:31 | Create | Villager (Male) |
| 20:40 | Research | Scale Mail Armor |
| 20:42 | Research | Scale Barding Armor |
| 21:17 | Create | Villager (Male) |
| 21:17 | Create | Villager (Male) |
| 21:21 | Create | Knight ×3 |
| 21:48 | Create | Villager (Male) |
| 21:48 | Create | Villager (Male) |
| 21:56 | Build | Farm |
| 22:03 | Build | Farm |
| 22:03 | Build | Farm |
| 22:03 | Build | Farm |
| 22:07 | Create | Villager (Male) |
| 22:07 | Create | Villager (Male) |
| 22:52 | Create | Villager (Male) |
| 22:52 | Create | Villager (Male) |
| 22:52 | Create | Villager (Male) |
| 22:52 | Create | Villager (Male) |
| 22:53 | Create | Villager (Male) |
| 22:53 | Create | Villager (Male) |
| 23:01 | Build | Farm |
| 23:02 | Build | Farm |
| 23:34 | Create | Villager (Male) |
| 23:34 | Create | Villager (Male) |
| 23:34 | Create | Villager (Male) |
| 23:34 | Create | Villager (Male) |
| 23:35 | Create | Villager (Male) |
| 23:35 | Create | Villager (Male) |
| 23:57 | Build | Farm |
| 23:57 | Build | Farm |
| 23:58 | Build | Farm |
| 24:07 | Research | Heavy Plow |
| 24:08 | Create | Villager (Male) |
| 24:08 | Create | Villager (Male) |
| 24:49 | Build | Mining Camp |
| 24:56 | Create | Villager (Male) |
| 24:56 | Create | Villager (Male) |
| 24:56 | Create | Villager (Male) |
| 24:56 | Create | Villager (Male) |
| 24:57 | Create | Villager (Male) |
| 24:57 | Create | Villager (Male) |
| 24:57 | Create | Villager (Male) |
| 24:57 | Create | Villager (Male) |
| 25:09 | Build | House |
| 25:10 | Build | House |
| 25:10 | Build | House |
| 25:11 | Build | House |
| 25:11 | Build | House |
| 25:12 | Build | House |
| 25:27 | Research | Bloodlines |
| 25:31 | Research | Husbandry |
| 26:09 | Create | Knight ×5 |
| 27:35 | Create | Villager (Male) |
| 27:35 | Create | Villager (Male) |
| 27:35 | Create | Villager (Male) |
| 27:35 | Create | Villager (Male) |
| 27:35 | Create | Villager (Male) |
| 27:35 | Create | Villager (Male) |
| 27:35 | Create | Villager (Male) |
| 27:35 | Create | Villager (Male) |
| 27:36 | Create | Villager (Male) |
| 27:36 | Create | Villager (Male) |
| 27:36 | Create | Villager (Male) |
| 27:36 | Create | Villager (Male) |
| 27:37 | Create | Villager (Male) |
| 27:37 | Create | Villager (Male) |
| 28:54 | Build | Farm |
Build order — ChrisTT
First 150 of 459 actions detected
| 0:25 | Build | House |
| 0:26 | Build | House |
| 0:28 | Build | House |
| 0:34 | Research | Loom |
| 0:35 | Create | Villager (Male) |
| 0:36 | Create | Villager (Male) |
| 0:36 | Create | Villager (Male) |
| 0:36 | Create | Villager (Male) |
| 2:59 | Create | Villager (Male) |
| 2:59 | Create | Villager (Male) |
| 3:00 | Create | Villager (Male) |
| 3:18 | Build | House |
| 3:19 | Build | House |
| 3:20 | Build | House |
| 4:04 | Create | Villager (Male) |
| 4:24 | Create | Villager (Male) |
| 5:03 | Create | Villager (Male) |
| 5:03 | Create | Villager (Male) |
| 5:04 | Create | Villager (Male) |
| 5:41 | Create | Villager (Male) |
| 5:41 | Create | Villager (Male) |
| 5:42 | Create | Villager (Male) |
| 7:18 | Build | Lumber Camp |
| 7:23 | Create | Villager (Male) |
| 7:23 | Create | Villager (Male) |
| 8:12 | Create | Villager (Male) |
| 8:12 | Create | Villager (Male) |
| 8:13 | Create | Villager (Male) |
| 8:13 | Create | Villager (Male) |
| 8:13 | Create | Villager (Male) |
| 10:12 | Create | Villager (Male) |
| 10:24 | Build | Mill |
| 10:35 | Create | Villager (Male) |
| 10:36 | Create | Villager (Male) |
| 10:48 | Build | Mining Camp |
| 10:57 | Build | Mill |
| 11:27 | Create | Villager (Male) |
| 11:56 | Create | Villager (Male) |
| 12:26 | Build | Mining Camp |
| 12:32 | Create | Villager (Male) |
| 12:47 | Build | House |
| 12:48 | Build | House |
| 12:49 | Build | House |
| 12:51 | Build | House |
| 13:15 | Build | Lumber Camp |
| 13:30 | Research | Feudal Age |
| 14:09 | Build | Barracks |
| 15:11 | Create | Villager (Male) |
| 15:40 | Age | Feudal Age |
| 15:43 | Create | Spearman |
| 15:43 | Create | Spearman |
| 15:50 | Research | Double-Bit Axe |
| 15:58 | Research | Horse Collar |
| 16:06 | Build | Archery Range |
| 16:16 | Build | Stone Wall |
| 17:05 | Research | Wheelbarrow |
| 17:43 | Research | Town Watch |
| 18:11 | Build | Farm |
| 18:13 | Build | Farm |
| 18:16 | Build | Farm |
| 18:17 | Build | Farm |
| 18:18 | Build | Farm |
| 18:20 | Build | Farm |
| 18:21 | Build | Farm |
| 18:30 | Build | Farm |
| 18:31 | Build | Farm |
| 18:32 | Build | Farm |
| 18:34 | Build | Farm |
| 18:36 | Build | Farm |
| 19:21 | Create | Villager (Male) |
| 19:21 | Create | Villager (Male) |
| 19:21 | Create | Villager (Male) |
| 19:34 | Build | Stable |
| 19:38 | Create | Archer |
| 19:38 | Create | Archer |
| 19:39 | Create | Archer |
| 19:58 | Research | Gold Mining |
| 20:02 | Research | Stone Mining |
| 20:19 | Create | Villager (Male) |
| 21:22 | Build | Stone Wall |
| 21:34 | Create | Villager (Male) |
| 21:34 | Create | Villager (Male) |
| 21:34 | Create | Villager (Male) |
| 21:56 | Create | Villager (Male) |
| 21:57 | Create | Villager (Male) |
| 22:08 | Build | Farm |
| 22:09 | Build | Farm |
| 22:10 | Build | Farm |
| 22:11 | Build | Farm |
| 22:13 | Build | Farm |
| 22:14 | Build | Farm |
| 22:15 | Build | Farm |
| 22:34 | Build | Stone Wall |
| 22:42 | Build | Watch Tower |
| 23:26 | Build | Farm |
| 23:34 | Create | Villager (Male) |
| 24:04 | Build | Stone Wall |
| 25:12 | Research | Castle Age |
| 25:39 | Build | Barracks |
| 25:42 | Build | Archery Range |
| 25:45 | Build | Stable |
| 26:04 | Build | Stone Wall |
| 27:52 | Age | Castle Age |
| 28:05 | Build | Castle |
| 30:48 | Build | Town Center |
| 31:14 | Create | Rattan Archer |
| 31:15 | Create | Rattan Archer |
| 31:15 | Create | Rattan Archer |
| 31:15 | Create | Rattan Archer |
| 31:16 | Create | Rattan Archer |
| 31:16 | Create | Rattan Archer |
| 31:24 | Create | Villager (Male) |
| 31:24 | Create | Villager (Male) |
| 31:25 | Create | Villager (Male) |
| 31:25 | Create | Villager (Male) |
| 31:25 | Create | Villager (Male) |
| 31:47 | Build | Lumber Camp |
| 32:47 | Build | Farm |
| 32:48 | Build | Farm |
| 32:50 | Build | Farm |
| 32:51 | Build | Farm |
| 32:55 | Build | Farm |
| 32:57 | Build | Farm |
| 32:58 | Build | Farm |
| 33:03 | Research | Hand Cart |
| 33:04 | Create | Villager (Male) |
| 33:04 | Create | Villager (Male) |
| 33:04 | Create | Villager (Male) |
| 33:05 | Create | Villager (Male) |
| 34:00 | Create | Villager (Male) |
| 34:12 | Build | Farm |
| 34:31 | Create | Rattan Archer |
| 34:32 | Create | Rattan Archer |
| 34:32 | Create | Rattan Archer |
| 34:33 | Create | Rattan Archer |
| 35:46 | Build | Blacksmith |
| 35:50 | Build | House |
| 35:53 | Build | House |
| 36:02 | Create | Villager (Male) |
| 36:02 | Create | Villager (Male) |
| 36:02 | Create | Villager (Male) |
| 36:03 | Create | Villager (Male) |
| 36:03 | Create | Villager (Male) |
| 36:03 | Create | Villager (Male) |
| 36:04 | Create | Villager (Male) |
| 36:04 | Create | Villager (Male) |
| 36:15 | Build | Farm |
| 36:16 | Build | Farm |
| 36:17 | Build | Farm |
| 36:18 | Build | Farm |
Build order — Roosy597
First 150 of 806 actions detected
| 0:06 | Build | House |
| 0:07 | Build | House |
| 0:10 | Research | Loom |
| 0:10 | Create | Villager (Male) |
| 0:12 | Create | Villager (Male) |
| 0:13 | Create | Villager (Male) |
| 0:13 | Create | Villager (Male) |
| 1:35 | Create | Villager (Male) |
| 1:58 | Create | Villager (Male) |
| 2:22 | Create | Villager (Male) |
| 2:32 | Build | House |
| 2:45 | Create | Villager (Male) |
| 3:07 | Create | Villager (Male) |
| 3:36 | Build | Lumber Camp |
| 4:08 | Create | Villager (Male) |
| 4:25 | Create | Villager (Male) |
| 4:48 | Create | Villager (Male) |
| 4:48 | Create | Villager (Male) |
| 4:59 | Create | Villager (Male) |
| 5:10 | Create | Villager (Male) |
| 5:26 | Build | House |
| 5:31 | Create | Villager (Male) |
| 5:54 | Create | Villager (Male) |
| 5:54 | Create | Villager (Male) |
| 6:38 | Create | Villager (Male) |
| 7:19 | Build | Mill |
| 7:42 | Build | Mill |
| 8:13 | Create | Villager (Male) |
| 8:15 | Research | Loom |
| 9:04 | Research | Feudal Age |
| 9:17 | Build | House |
| 9:59 | Build | House |
| 10:05 | Create | Villager (Male) |
| 10:05 | Create | Villager (Male) |
| 10:22 | Build | Mining Camp |
| 11:21 | Create | Villager (Male) |
| 11:41 | Build | Market |
| 11:54 | Create | Villager (Male) |
| 12:17 | Build | Farm |
| 12:18 | Build | Farm |
| 12:23 | Create | Villager (Male) |
| 12:34 | Build | Barracks |
| 12:42 | Build | Farm |
| 13:03 | Build | Blacksmith |
| 13:16 | Create | Villager (Male) |
| 13:43 | Create | Villager (Male) |
| 13:53 | Build | Farm |
| 13:54 | Build | Farm |
| 13:57 | Build | Farm |
| 14:18 | Research | Castle Age |
| 15:04 | Build | Farm |
| 15:05 | Build | Farm |
| 15:11 | Research | Double-Bit Axe |
| 15:46 | Build | Mining Camp |
| 16:08 | Create | Villager (Male) |
| 16:10 | Create | Villager (Male) |
| 16:10 | Create | Villager (Male) |
| 17:06 | Create | Villager (Male) |
| 17:28 | Create | Villager (Male) |
| 17:45 | Build | Town Center |
| 18:22 | Build | Farm |
| 18:23 | Build | Farm |
| 18:38 | Create | Villager (Male) |
| 18:39 | Create | Villager (Male) |
| 18:39 | Create | Villager (Male) |
| 18:39 | Create | Villager (Male) |
| 18:40 | Create | Villager (Male) |
| 18:40 | Create | Villager (Male) |
| 18:55 | Create | Villager (Male) |
| 18:56 | Create | Villager (Male) |
| 18:56 | Create | Villager (Male) |
| 19:49 | Build | Town Center |
| 19:58 | Build | House |
| 20:22 | Build | Castle |
| 21:15 | Create | Villager (Male) |
| 21:16 | Create | Villager (Male) |
| 21:16 | Create | Villager (Male) |
| 21:16 | Create | Villager (Male) |
| 21:16 | Create | Villager (Male) |
| 21:16 | Create | Villager (Male) |
| 21:58 | Build | Mining Camp |
| 22:07 | Create | Villager (Male) |
| 22:07 | Create | Villager (Male) |
| 22:07 | Create | Villager (Male) |
| 22:08 | Create | Villager (Male) |
| 22:08 | Create | Villager (Male) |
| 22:08 | Create | Villager (Male) |
| 22:08 | Create | Villager (Male) |
| 22:08 | Create | Villager (Male) |
| 22:09 | Create | Villager (Male) |
| 22:09 | Create | Villager (Male) |
| 23:14 | Build | Castle |
| 23:41 | Create | Villager (Male) |
| 23:41 | Create | Villager (Male) |
| 23:41 | Create | Villager (Male) |
| 23:41 | Create | Villager (Male) |
| 23:41 | Create | Villager (Male) |
| 23:42 | Create | Villager (Male) |
| 23:42 | Create | Villager (Male) |
| 24:10 | Build | House |
| 24:11 | Build | House |
| 24:12 | Build | House |
| 24:13 | Build | House |
| 24:14 | Build | House |
| 24:15 | Build | House |
| 24:16 | Build | House |
| 24:25 | Build | Stable |
| 25:24 | Create | Villager (Male) |
| 25:24 | Create | Villager (Male) |
| 25:24 | Create | Villager (Male) |
| 25:24 | Create | Villager (Male) |
| 25:24 | Create | Villager (Male) |
| 25:27 | Research | Wheelbarrow |
| 25:33 | Research | Bow Saw |
| 25:57 | Build | Mill |
| 26:02 | Build | Farm |
| 26:02 | Build | Farm |
| 26:02 | Build | Farm |
| 26:02 | Build | Farm |
| 26:02 | Build | Farm |
| 26:03 | Build | Farm |
| 26:03 | Build | Farm |
| 26:03 | Build | Farm |
| 26:06 | Create | Camel Scout |
| 26:07 | Create | Camel Scout |
| 27:16 | Build | Castle |
| 27:59 | Create | Villager (Male) |
| 27:59 | Create | Villager (Male) |
| 27:59 | Create | Villager (Male) |
| 27:59 | Create | Villager (Male) |
| 27:59 | Create | Villager (Male) |
| 28:00 | Create | Villager (Male) |
| 28:00 | Create | Villager (Male) |
| 28:00 | Create | Villager (Male) |
| 28:00 | Create | Villager (Male) |
| 28:00 | Create | Villager (Male) |
| 28:01 | Create | Villager (Male) |
| 28:01 | Create | Villager (Male) |
| 28:01 | Create | Villager (Male) |
| 28:02 | Create | Villager (Male) |
| 28:06 | Build | Farm |
| 28:07 | Build | Farm |
| 28:07 | Build | Farm |
| 28:07 | Build | Farm |
| 28:07 | Build | Farm |
| 28:07 | Build | Farm |
| 28:08 | Build | Farm |
| 28:08 | Build | Farm |
| 28:08 | Build | Farm |
| 28:08 | Build | Farm |
Match timeline
| 10:22 | monneyce · age_up feudal |
| 11:21 | matthewu · age_up feudal |
| 11:26 | marcobecerrap · age_up feudal |
| 11:39 | Aneil · age_up feudal |
| 12:34 | Roosy597 · first_building Barracks |
| 12:49 | marcobecerrap · first_market_buy 100 food |
| 14:09 | ChrisTT · first_building Barracks |
| 14:50 | bedders9 · first_building Barracks |
| 15:40 | ChrisTT · age_up feudal |
| 15:42 | bedders9 · first_building Stable |
| 15:54 | monneyce · first_building Barracks |
| 15:56 | marcobecerrap · age_up castle |
| 16:06 | ChrisTT · first_building Archery Range |
| 16:06 | T.S | Mo · age_up feudal |
| 16:10 | Aneil · age_up castle |
| 16:16 | ChrisTT · wall_segment Stone Wall x2 |
| 16:25 | matthewu · age_up castle |
| 16:44 | T.S | Mo · wall_segment Stone Wall x9 |
| 17:08 | monneyce · age_up castle |
| 17:32 | monneyce · first_building Monastery |
| 18:00 | Roosy597 · first_market_buy 100 stone |
| 18:20 | monneyce · first_market_buy 100 wood |
| 19:34 | ChrisTT · first_building Stable |
| 20:22 | Roosy597 · first_building Castle |
| 20:23 | marcobecerrap · first_building Castle |
| 20:42 | T.S | Mo · tribute_sent a jugador 1 |
| 20:42 | T.S | Mo · tribute_sent a jugador 2 |
| 20:42 | T.S | Mo · tribute_sent a jugador 4 |
| 20:42 | T.S | Mo · tribute_sent a jugador 5 |
| 20:42 | T.S | Mo · tribute_sent a jugador 6 |
| 20:42 | T.S | Mo · tribute_sent a jugador 7 |
| 20:42 | T.S | Mo · tribute_sent a jugador 8 |
| 21:05 | Aneil · first_building Barracks |
| 21:22 | ChrisTT · wall_segment Stone Wall x12 |
| 22:02 | T.S | Mo · wall_segment Stone Wall x10 |
| 22:06 | T.S | Mo · wall_segment Stone Wall x4 |
| 22:08 | T.S | Mo · wall_segment Stone Wall x3 |
| 22:11 | T.S | Mo · wall_segment Stone Wall x2 |
| 22:14 | T.S | Mo · wall_segment Stone Wall x30 |
| 22:15 | T.S | Mo · wall_segment Stone Wall x2 |
| 22:31 | Aneil · first_building Stable |
| 22:34 | ChrisTT · wall_segment Stone Wall x5 |
| 22:41 | marcobecerrap · first_building Barracks |
| 22:45 | Aneil · first_building Archery Range |
| 23:47 | marcobecerrap · first_building Siege Workshop |
| 23:51 | Aneil · first_building Monastery |
| 24:00 | monneyce · first_building Castle |
| 24:04 | ChrisTT · wall_segment Stone Wall x13 |
| 24:10 | T.S | Mo · first_market_sell 100 wood |
| 24:25 | Roosy597 · first_building Stable |
| 25:13 | matthewu · wall_segment Stone Wall x12 |
| 25:37 | T.S | Mo · wall_segment Stone Wall x14 |
| 25:40 | T.S | Mo · wall_segment Stone Wall x2 |
| 25:42 | T.S | Mo · wall_segment Stone Wall x2 |
| 25:45 | T.S | Mo · wall_segment Stone Wall x14 |
| 25:50 | marcobecerrap · first_building Stable |
| 26:04 | ChrisTT · wall_segment Stone Wall x7 |
| 27:07 | T.S | Mo · age_up castle |
| 27:17 | matthewu · wall_segment Stone Wall x13 |
| 27:21 | marcobecerrap · first_building Archery Range |
| 27:33 | T.S | Mo · first_building Monastery |
| 27:52 | ChrisTT · age_up castle |
| 27:59 | T.S | Mo · first_building Castle |
| 28:05 | ChrisTT · first_building Castle |
| 28:45 | matthewu · first_market_sell 100 wood |
| 28:46 | Aneil · tribute_sent a jugador 1 |
| 28:46 | Aneil · tribute_sent a jugador 2 |
| 28:46 | Aneil · tribute_sent a jugador 3 |
| 28:46 | Aneil · tribute_sent a jugador 5 |
| 28:46 | Aneil · tribute_sent a jugador 6 |
| 28:46 | Aneil · tribute_sent a jugador 7 |
| 28:46 | Aneil · tribute_sent a jugador 8 |
| 28:46 | matthewu · first_market_buy 100 food |
| 29:11 | matthewu · first_building Castle |
| 29:23 | T.S | Mo · first_building Barracks |
| 30:18 | monneyce · wall_segment Palisade Wall x1 |
| 30:20 | bedders9 · first_building Archery Range |
| 30:32 | monneyce · age_up imperial |
| 30:47 | Aneil · first_market_buy 100 food |
| 30:51 | bedders9 · first_building Monastery |
| 31:46 | Roosy597 · first_market_sell 100 wood |
| 32:05 | marcobecerrap · age_up imperial |
| 32:12 | bedders9 · first_building Castle |
| 33:43 | matthewu · age_up imperial |
| 34:00 | Aneil · age_up imperial |
| 34:18 | Roosy597 · first_building Archery Range |
| 34:21 | T.S | Mo · age_up imperial |
| 35:06 | Aneil · first_building Castle |
| 35:20 | bedders9 · first_market_buy 100 wood |
| 35:23 | T.S | Mo · first_building Stable |
| 35:38 | marcobecerrap · first_market_sell 500 food |
| 36:22 | matthewu · first_building Barracks |
| 36:46 | matthewu · wall_segment Stone Wall x8 |
| 37:02 | matthewu · first_building Archery Range |
| 37:26 | bedders9 · first_market_sell 100 food |
| 38:32 | matthewu · wall_segment Stone Wall x16 |
| 41:39 | Aneil · tribute_sent a jugador 1 |
| 41:39 | Aneil · tribute_sent a jugador 2 |
| 41:39 | Aneil · tribute_sent a jugador 3 |
| 41:39 | Aneil · tribute_sent a jugador 5 |
| 41:39 | Aneil · tribute_sent a jugador 6 |
| 41:39 | Aneil · tribute_sent a jugador 7 |
| 41:39 | Aneil · tribute_sent a jugador 8 |
| 45:07 | T.S | Mo · wall_segment Stone Wall x4 |
| 46:48 | ChrisTT · age_up imperial |
| 53:40 | Aneil · resign |
| 59:03 | marcobecerrap · wall_segment Stone Wall x5 |
| 63:30 | matthewu · wall_segment Stone Wall x7 |
| 68:22 | marcobecerrap · first_building Monastery |
| 73:09 | T.S | Mo · first_market_buy 100 food |
[ AI ANALYSIS · 1 CREDIT ]
What really happened in this match?
Wolo.gg analyzes every decision: build order, eco, micro, common mistakes by bracket. Personalized analysis on WhatsApp or Discord in 30 seconds.
Civ guide
Vietnamese
Perfil
matthewu